 Dungeon Crawl Stone Soup version 0.28-a0-983-g1de4e0787c (console) character file.

Game seed: 5645740805573079475

867 petzl the Sneak (level 8, -6/52 HPs)
             Began as an Octopode Arcane Marksman on Dec 3, 2021.
             Was an Initiate of Vehumet.
             Shot with an arrow by a centaur (7 damage)
             ... on level 6 of the Dungeon.
             The game lasted 00:16:37 (6577 turns).

petzl the Sneak (Octopode Arcane Marksman)          Turns: 6577, Time: 00:16:37

Health: -6/52      AC:  1    Str:  9    XL:     8   Next: 3%
Magic:  12/12      EV: 18    Int: 18    God:    Vehumet [......]
Gold:   333        SH:  0    Dex: 12    Spells: 7/12 levels left

rFire   . . .      SeeInvis .   a - +0 mace (vorpal)
rCold   . . .      Faith    .   (no shield)
rNeg    . . .      Spirit   .   (helmet restricted)
rPois   .          Reflect  .   (no amulet)
rElec   .          Harm     .   q - +4 ring of evasion
rCorr   .          Rampage  .   (no ring)
Will    .....                   (no ring)
Stlth   ++++......              (no ring)
HPRegen 0.17/turn               (no ring)
MPRegen 0.13/turn               (no ring)
                                (no ring)
                                (no ring)

@: no status effects
A: almost no armour, amphibious, 8 rings, camouflage 1, gelatinous body 1,
(nimble swimmer 1), tentacles
a: Renounce Religion


You were on level 6 of the Dungeon.
You worshipped Vehumet.
Vehumet was noncommittal.
You visited 2 branches of the dungeon, and saw 7 of its levels.

You collected 333 gold pieces.

Inventory:

Hand Weapons
 a - a +0 vorpal mace (weapon)
 b - a +0 hand crossbow
Missiles
 c - 27 bolts
 h - 34 poisoned darts (quivered)
Jewellery
 q - a +4 ring of evasion (left tentacle)
Wands
 k - a wand of iceblast (19)
Scrolls
 d - 3 scrolls of fog {unknown}
 e - 2 scrolls of identify {unknown}
 j - a scroll of magic mapping {unknown}
 l - a scroll of fear {unknown}
 o - a scroll of noise {unknown}
 p - 2 scrolls of amnesia {unknown}
 r - a scroll of holy word {unknown}
 t - a scroll of brand weapon {unknown}
Potions
 f - a potion of flight {unknown}
 g - 3 potions of might {unknown}
 i - 2 potions of curing {unknown}
 m - a potion of degeneration {unknown}
 n - a potion of heal wounds {unknown}
 s - a potion of haste {unknown}
 u - a potion of attraction {unknown}


   Skills:
 + Level 3.3 Fighting
 + Level 3.7 Crossbows
 + Level 3.6 Dodging
 * Level 5.5 Stealth
 + Level 2.9 Spellcasting
 - Level 3.0 Hexes
 + Level 2.2 Ice Magic
 + Level 2.1 Air Magic
 + Level 2.4 Evocations


You had 7 spell levels left.
You knew the following spells:

 Your Spells              Type           Power      Damage    Failure   Level
a - Slow                  Hex            52%        N/A       4%          1
b - Freeze                Ice            40%        1d6       7%          1
H - Swiftness             Air            10%        N/A       21%         3

Your spell library contained the following spells:

 Spells                   Type           Power      Damage    Failure   Level
 Confusing Touch          Hex            13%        N/A       14%         3
 Corpse Rot               Necr/Air       12%        N/A       16%         2
 Frozen Ramparts          Ice            20%        1d4       21%         3
 Ozocubu's Armour         Ice            10%        N/A       21%         3
 Passwall                 Tmut/Erth      1%         N/A       26%         2
 Inner Flame              Hex/Fire       8%         N/A       26%         3
 Portal Projectile        Hex/Tloc       16%        N/A       26%         3
 Cause Fear               Hex            6%         N/A       43%         4
 Vampiric Draining        Necr           2%         2d6       45%         3
 Hailstorm                Conj/Ice       6%         3d4       71%         4
 Ice Form                 Ice/Tmut       6%         N/A       71%         4
 Summon Ice Beast         Ice/Summ       6%         N/A       71%         4
 Dispel Undead            Necr           2%         3d7       86%         4
 Death Channel            Necr           1%         N/A       100%        6
 Ozocubu's Refrigeration  Ice            5%         4d6       100%        7


Dungeon Overview and Level Annotations

Branches:
Dungeon (6/15)             Temple (1/1) D:5

Altars:
Ashenzari
Cheibriados
Hepliaklqana
Vehumet
Yredelemnul
Zin

Annotations:
D:2 Sigmund
D:4 Dowan, Duvessa


Innate Abilities, Weirdness & Mutations

You cannot wear most types of armour.
You are amphibious.
You can wear up to eight rings at the same time.
Your skin changes colour to match your surroundings (Stealth+).
Your rubbery body absorbs attacks. (AC +1, EV +1)
((You are camouflaged near water. (Stealth+)))
You have tentacles for arms and can constrict up to eight enemies at once.


Message History

The centaur hits you. The centaur completely misses you. The centaur hits you.
The centaur barely misses you.
You hit the centaur.
The centaur is moderately wounded.
The centaur barely misses you. The centaur kicks you.
An orc comes into view. It is wielding a +0 short sword.
The centaur closely misses you. x2
The orc shouts!
You hit the centaur. You squeeze the centaur.
The centaur is severely wounded.
The centaur closely misses you. x2; The centaur hits you.
The centaur kicks you.
You hit the centaur but do no damage.
The centaur is severely wounded.
The centaur hits you. The centaur misses you. The centaur hits you!
The centaur kicks you but does no damage.
An orc comes into view. It is wielding a +0 hand axe.
The centaur hits you.
The centaur kicks you but does no damage.
You barely miss the centaur.
The centaur is severely wounded.
The centaur hits you. The centaur closely misses you. The centaur hits you.
The centaur kicks you.
* * * LOW HITPOINT WARNING * * *
The orc shouts!
You hit the centaur but do no damage.
The centaur is severely wounded.
The centaur misses you. The centaur barely misses you.
An orc comes into view. It is wielding a +0 trident.
The centaur misses you. The centaur barely misses you.
The orc completely misses you.
The orc shouts!
The centaur completely misses you. x2
The centaur wields a +0 shortbow.
The centaur shoots an arrow.
The arrow barely misses you.
You hit the orc. Your grab misses the orc.
The orc is severely wounded.
The orc misses you.
You barely miss the orc. You grab the orc. You squeeze the orc.
You kill the orc!
Vehumet accepts your kill.
The centaur shoots an arrow.
The arrow hits you!
* * * LOW HITPOINT WARNING * * *
The centaur shoots an arrow.
The arrow hits you!
You die...

.########
........###########
.###..............#
...............##...
.....##.##........#
###.# #.##.###.##>#
#..# #.# #.##.# .# #..#
#.# #.##†###.# #..#
#.#####.###.##.##..#
#..#
............##.##..# #
#..#
.######.###.##.##..##.#
#..# #.#
#.###...........
##..#####.#
####........##..###
.......##.#
#...........@)c.#
##.###.##.#
#.############o.# #.#
#.##.###.# #..# #.#
#.#...##.# #..# ##.#
#........# #o>.
...###.#...#####...
..###
.......##........# #.#
.......########### .o#
#####..# #.# #..#
#####..# .......# .# .#
.# .# .# .# .#


You could see a centaur and an orc.

Vanquished Creatures
  Eustachio (D:5)
  An ice beast (D:6)
  An ogre (D:5)
  A scorpion (D:6)
  A howler monkey (D:6)
  2 bullfrog zombies
  2 hounds
  A bullfrog skeleton (D:5)
  A jelly (D:5)
  An orc priest (D:5)
  3 iguanas
  A hound skeleton (D:4)
  2 howler monkey skeletons
  A gnoll (D:1)
  4 adders
  An ufetubus (D:4)
  An adder skeleton (D:4)
  2 worms (D:3)
  2 dart slugs
  5 orcs
  7 bats
  8 endoplasms
  A giant cockroach (D:1)
  3 goblins
  5 hobgoblins
  A quokka (D:1)
  7 ball pythons
  2 frilled lizards
  A kobold (D:3)
  5 rats
74 creatures vanquished.

Vanquished Creatures (others)
  5 plants
  3 toadstools (D:1)
8 creatures vanquished.

Grand Total: 82 creatures vanquished

Notes
Turn   | Place    | Note
-------+----------+-------------------------------------------
     0 | D:1      | petzl the Octopode Arcane Marksman began the quest for the
                  | Orb.
     0 | D:1      | Reached XP level 1. HP: 13/13 MP: 2/2
   204 | D:1      | Reached XP level 2. HP: 18/18 MP: 3/3
   214 | D:1      | Reached skill level 1 in Stealth
   536 | D:1      | Reached XP level 3. HP: 23/23 MP: 5/5
  1536 | D:2      | Found a basalt altar of Yredelemnul.
  1548 | D:2      | Reached skill level 2 in Stealth
  1575 | D:2      | Noticed Sigmund
  1760 | D:2      | Found a faded altar of an unknown god.
  2003 | D:3      | Reached XP level 4. HP: 23/29 MP: 6/6
  3071 | D:4      | Learned a level 1 spell: Freeze
  3082 | D:4      | Reached XP level 5. HP: 34/34 MP: 6/8
  3134 | D:4      | Noticed Dowan
  3257 | D:4      | Reached skill level 3 in Stealth
  3316 | D:5      | Entered Level 5 of the Dungeon
  4048 | D:4      | Noticed Duvessa
  4134 | D:5      | Noticed Eustachio
  4224 | D:5      | Learned a level 3 spell: Swiftness
  4439 | D:5      | Reached skill level 1 in Evocations
  4439 | D:5      | Reached XP level 6. HP: 27/41 MP: 9/9
  4692 | D:5      | Found a hazy altar of Hepliaklqana.
  4747 | D:5      | Reached skill level 1 in Ice Magic
  4868 | D:5      | Reached skill level 4 in Stealth
  5035 | D:5      | Reached skill level 1 in Air Magic
  5465 | D:5      | Found a staircase to the Ecumenical Temple.
  5477 | D:5      | Killed Eustachio
  5478 | D:5      | Reached XP level 7. HP: 45/45 MP: 8/10
  5542 | Temple   | Entered the Ecumenical Temple
  5617 | Temple   | Became a worshipper of Vehumet
  6269 | D:6      | Reached skill level 5 in Stealth
  6505 | D:6      | Reached XP level 8. HP: 38/52 MP: 8/12
  6577 | D:6      | HP: 1/52 [centaur/arrow (14)]
  6577 | D:6      | Shot with an arrow by a centaur

Illustrated notes

Levels and vault maps discovered:
D:1:      ebering_trefoil_3fold, layout_basic, minmay_gold_behind_fungi,
          serial_bayou_lake_a
D:2:      layout_rooms, chequers_ecumenical_altar_grove, serial_corexii_hall,
          chequers_hall_statues_y, corexii_hall_statues_l, basic_altar,
          uniq_sigmund
D:3:      layout_rooms
D:4:      layout_layer_cave, glass_columns_b, uniq_duvessa
D:5:      layout_layer_cave, kennysheep_little_box,
          minmay_temple_entry_overgrown, uniq_eustachio
D:6:      layout_loops_ring, uniq_menkaure
Temple:   mainiacjoe_temple_cubbyholes

Skill      XL: |  1  2  3  4  5  6  7 |
---------------+----------------------+-----
Stealth        | 1 2 3 4 5 |  5.5
Fighting       | 2 3 |  3.3
Spellcasting   | 2 |  2.9
Crossbows      | 3 |  3.7
Dodging        | 3 |  3.6
Evocations     | 1 2 |  2.4
Ice Magic      | 1 2 |  2.2
Air Magic      | 1 2 |  2.1
Hexes          | |  3.0

Action                   |  1- 3 |  4- 6 |  7- 9 || total
-------------------------+-------+-------+-------++-------
Melee: Mace              |    29 |    82 |    40 ||   151
       Unarmed           |    16 |       |       ||    16
       Constrict         |     9 |    22 |     5 ||    36
       Tentacles         |     5 |    11 |     4 ||    20
       Hand crossbow     |     1 |       |       ||     1
 Fire: Hand crossbow     |    28 |    35 |    18 ||    81
Throw: Dart              |       |     7 |       ||     7
 Cast: Slow              |       |    16 |    13 ||    29
Evoke: Wand              |       |     5 |       ||     5
 Stab: Sleeping          |     2 |     4 |       ||     6
Armor: Skin              |     5 |     4 |     5 ||    14
Dodge: Dodged            |    33 |    69 |    49 ||   151

Table legend: (Time is in decaauts)
 A = Elapsed time spent in this place.
 B = Non-inter-level travel time spent in this place.
 C = Inter-level travel time spent in this place.
 D = Time resting spent in this place.
 E = Time spent auto-exploring this place.
 F = Levels seen in this place.
 G = Mean time per level.
                   A        B        C        D        E       F      G
               +--------+--------+--------+--------+--------+-----+--------+
         Total |   6656 |   6162 |    494 |   1783 |   3198 |   7 |  950.9 |
       Dungeon |   6435 |   5990 |    445 |   1690 |   3130 |   6 | 1072.5 |
        Temple |    220 |    171 |     49 |     93 |     68 |   1 |  220.0 |
               +--------+--------+--------+--------+--------+-----+--------+

Top non-repeatable levels by time:
     D:5: 1546 daAuts
     D:4: 1509 daAuts
     D:3: 1092 daAuts
     D:1: 1029 daAuts
     D:2: 902 daAuts
     D:6: 355 daAuts
  Temple: 220 daAuts
